 Dungeon Crawl Stone Soup version 0.29.0-4-gdea44cf6ec (webtiles) character file.

Game seed: 3505651079364785602

113 qw the Chopper (level 4, -1/26 HPs)
             Began as a Tengu Warper on Aug 28, 2022.
             Slain by Ijyb
             ... wielding a +0 dagger
              (3 damage)
             ... on level 3 of the Dungeon.
             The game lasted 00:00:15 (2446 turns).

qw the Chopper (Tengu Warper)                       Turns: 2446, Time: 00:00:15

Health: -1/26      AC:  8    Str: 13    XL:     4   Next: 96%
Magic:  8/8        EV:  6    Int: 14    God:
Gold:   56         SH:  0    Dex: 13    Spells: 7/7 levels left

rFire   . . .      SeeInvis .   Y - +0 hand axe
rCold   . . .      Faith    .   (no shield)
rNeg    . . .      Spirit   .   g - +0 chain mail
rPois   .          Reflect  .   (helmet restricted)
rElec   .          Harm     .   (no cloak)
rCorr   .          Rampage  .   (no gloves)
Will    .....                   (boots unavailable)
Stlth   ..........              (no amulet)
HPRegen 0.08/turn               (no ring)
MPRegen 0.11/turn               (no ring)

@: lethally poisoned (-1 -> -3)
A: beak, talons 3
a: no special abilities


You were on level 3 of the Dungeon.
You visited 1 branch of the dungeon, and saw 3 of its levels.

You collected 56 gold pieces.


Innate Abilities, Weirdness & Mutations

You have a beak for a mouth.
You have claws for feet.


   Skills:
 - Level 2.0 Fighting
 + Level 5.4 Axes
 - Level 1.0 Throwing
 - Level 1.1 Armour
 - Level 2.1 Dodging
 - Level 2.0 Spellcasting
 - Level 2.4 Translocations


You had 7 spell levels left.
You didn't know any spells.
Your spell library contained the following spells:

 Spells                   Type           Power      Damage    Failure   Level
 Blink                    Tloc           16%        N/A       99%         2
 Gell's Gravitas          Tloc           8%         N/A       100%        3
 Lesser Beckoning         Tloc           8%         N/A       100%        3
 Teleport Other           Tloc           8%         N/A       100%        3
 Manifold Assault         Tloc           8%         N/A       100%        5

Inventory:

Hand Weapons
 d - a +0 morningstar
 Y - a +0 hand axe (weapon)
Armour
 g - a +0 chain mail (worn)
Scrolls
 h - 5 scrolls of identify
Potions
 a - a potion of heal wounds {unknown}

Dungeon Overview and Level Annotations

Branches:
Dungeon (3/15)

Altars:

Annotations:
D:3 Ijyb


Message History

The adder hisses angrily.
The adder bites you.
You are poisoned.
The adder poisons you!
Ijyb the Twisted Goblin comes into view.
She is wielding a +0 dagger and carrying a wand of roots (4).
You closely miss the adder.
Ijyb shouts!
Your peck misses the adder.
You feel sick. The adder bites you but does no damage.
You hit the adder.
The adder is severely wounded.
You feel sick. The adder bites you but does no damage.
Ijyb zaps a wand.
The roots erupt in riotous growth!
The adder is unaffected.
The grasping roots grab you! The grasping roots constrict you.
You closely miss the adder.
The adder is severely wounded.
You feel sick. The adder bites you. The grasping roots constrict you.
The adder bites you.
You are more poisoned.
The adder poisons you!
The grasping roots release their grip on you.
You closely miss the adder.
The adder is severely wounded.
You feel sick. The adder bites you.
An adder comes into view.
The adder hisses angrily.
You hit the adder. Your kick misses the adder. Your peck misses the adder.
The adder is almost dead.
You feel sick. The adder bites you.
You closely miss the adder. Your peck misses the adder.
The adder is almost dead.
You feel sick. The adder barely misses you. x2
You hit the adder.
You kill the adder!
You feel sick.
You barely miss Ijyb. You claw Ijyb. Your peck misses Ijyb.
Ijyb is lightly wounded.
You feel sick. Ijyb hits you with a +0 dagger.
You die...

#............#
#............##
#..............#
##..........##..#
##........## ..
#.#.#.##..... #
#...#.# .....
##.#..# #....
#.#@#....)..
.......g..#####.
......$..S.#
............#
..........!..#
.............#
.............#
.............#


You could see Ijyb and an adder.

Vanquished Creatures
  5 adders
  An ufetubus (D:2)
  2 dart slugs (D:1)
  5 ball pythons
  5 bats
  4 endoplasms
  3 giant cockroaches
  9 hobgoblins
  4 jackals (D:1)
  2 quokkas (D:1)
  4 frilled lizards
  3 goblins
  6 kobolds
  3 rats
56 creatures vanquished.

Notes
Turn   | Place    | Note
-------+----------+-------------------------------------------
     0 | D:1      | qw the Tengu Warper began the quest for the Orb.
     0 | D:1      | Reached XP level 1. HP: 12/12 MP: 4/4
     0 | D:1      | 0 ||| qw: Version: 0.1-a-89-g26bdef1
     0 | D:1      | 0 ||| qw: Game counter: 2140
     0 | D:1      | 0 ||| qw: Always use a shield: true
     0 | D:1      | 0 ||| qw: God list: Okawaru
     0 | D:1      | 0 ||| qw: Allow faded altars: false
     0 | D:1      | 0 ||| qw: Do Orc after D:15 true
     0 | D:1      | 0 ||| qw: Do second Lair branch before Depths: true
     0 | D:1      | 0 ||| qw: Lair rune preference: random
     0 | D:1      | 0 ||| qw: Plans: Normal
     0 | D:1      | 0 ||| PLANNING D:1-11
   219 | D:1      | 219 ||| Stepping ~*~*~tactically~*~*~ (stealth).
   220 | D:1      | 220 ||| Stepping ~*~*~tactically~*~*~ (stealth).
   222 | D:1      | 222 ||| Stepping ~*~*~tactically~*~*~ (stealth).
   224 | D:1      | 224 ||| Stepping ~*~*~tactically~*~*~ (stealth).
   226 | D:1      | 226 ||| Stepping ~*~*~tactically~*~*~ (stealth).
   228 | D:1      | 228 ||| Stepping ~*~*~tactically~*~*~ (stealth).
   353 | D:1      | Reached XP level 2. HP: 17/17 MP: 6/6
   370 | D:1      | Reached skill level 3 in Axes
   741 | D:1      | 741 ||| DROPPING +0 mace.
   874 | D:1      | 874 ||| Stepping ~*~*~tactically~*~*~ (stealth).
   884 | D:1      | Reached XP level 3. HP: 11/21 MP: 7/7
  1035 | D:1      | Found a faded altar of an unknown god.
  1196 | D:1      | 1196 ||| Stepping ~*~*~tactically~*~*~ (stealth).
  1207 | D:1      | 1207 ||| Stepping ~*~*~tactically~*~*~ (stealth).
  1208 | D:1      | 1208 ||| Stepping ~*~*~tactically~*~*~ (stealth).
  1210 | D:1      | 1210 ||| Stepping ~*~*~tactically~*~*~ (stealth).
  1222 | D:1      | Reached skill level 4 in Axes
  1487 | D:1      | 1487 ||| UPGRADING to +0 ring mail.
  1497 | D:1      | 1497 ||| DROPPING +0 leather armour.
  1498 | D:1      | 1498 ||| UPGRADING to +0 chain mail.
  1508 | D:1      | 1508 ||| DROPPING +0 ring mail.
  1509 | D:1      | 1509 ||| READING scroll labelled HEOTZY GUMIA.
  1512 | D:1      | 1512 ||| READING 4 scrolls labelled ODIRYE UNUSTAA.
  1513 | D:1      | 1513 ||| DROPPING scroll of blinking.
  1629 | D:2      | 1629 ||| Stepping ~*~*~tactically~*~*~ (stealth).
  1633 | D:2      | Reached XP level 4. HP: 23/26 MP: 8/8
  1633 | D:2      | 1633 ||| FLEEEEING.
  1644 | D:2      | 1644 ||| Stepping ~*~*~tactically~*~*~ (stealth).
  1645 | D:2      | 1645 ||| Stepping ~*~*~tactically~*~*~ (stealth).
  1652 | D:2      | 1652 ||| Stepping ~*~*~tactically~*~*~ (stealth).
  1653 | D:2      | 1653 ||| Stepping ~*~*~tactically~*~*~ (stealth).
  1658 | D:2      | 1658 ||| Stepping ~*~*~tactically~*~*~ (stealth).
  1659 | D:2      | 1659 ||| Stepping ~*~*~tactically~*~*~ (stealth).
  1705 | D:2      | 1705 ||| Stepping ~*~*~tactically~*~*~ (stealth).
  1753 | D:2      | Reached skill level 5 in Axes
  1961 | D:2      | 1961 ||| Stepping ~*~*~tactically~*~*~ (stealth).
  1994 | D:2      | 1994 ||| Stepping ~*~*~tactically~*~*~ (stealth).
  2119 | D:2      | 2119 ||| READING scroll labelled VOBRUT HAUJY.
  2120 | D:2      | 2120 ||| READING 5 scrolls of identify.
  2120 | D:2      | 2120 ||| IDENTIFYING black potion
  2121 | D:2      | 2121 ||| DROPPING potion of berserk rage.
  2122 | D:2      | 2122 ||| Stepping randomly (stuck).
  2123 | D:2      | 2123 ||| Stepping ~*~*~tactically~*~*~ (cloud).
  2129 | D:2      | HP: 6/26 [poisoned by you (poison gas)]
  2438 | D:3      | Noticed Ijyb
  2443 | D:3      | HP: 5/26 [adder (3)]
  2446 | D:3      | HP: 2/26 [poisoned by an adder]
  2446 | D:3      | Slain by Ijyb

Levels and vault maps discovered:
D:1:      minmay_arrival_shattered_statue, layout_basic,
          shapermc_ecumenical_altar_rom_forum
D:2:      layout_rooms, kennysheep_generic_room_4
D:3:      layout_rooms, demons_altar, serial_shops,
          nicolae_shop_advertising_works [nicolae_subvault_shop_adworks],
          uniq_ijyb, uniq_natasha

Skill      XL: |  1  2  3  4 |
---------------+-------------+-----
Axes           | 3 4 5 |  5.4
Fighting       | |  2.0
Throwing       | |  1.0
Armour         | |  1.1
Dodging        | |  2.1
Spellcasting   | |  2.0
Translocations | |  2.4

Action                   |  1- 3 |  4- 6 || total
-------------------------+-------+-------++-------
Melee: Hand axe          |    86 |    57 ||   143
       Kick              |    22 |    12 ||    34
       Peck              |    10 |     6 ||    16
Throw: Boomerang         |     7 |       ||     7
  Use: Scroll            |     2 |     2 ||     4
Armor: Leather armour    |    18 |       ||    18
       Chain mail        |    10 |    29 ||    39
Dodge: Dodged            |    40 |    16 ||    56

Table legend:
 A = Non-vault XP
 B = Vault XP
 C = Vault XP percentage of total XP
 D = Non-vault monster count
 E = Vault monster count
 F = Vault count percentage of total count
                 A         B        C        D         E       F
            +---------+---------+-------+---------+---------+-------
      Total |     161 |       1 |   0.6 |      55 |       1 |   1.8
            +---------+---------+-------+---------+---------+-------
        D:1 |      57 |       0 |   0.0 |      30 |       0 |   0.0
        D:2 |      91 |       1 |   1.1 |      24 |       1 |   4.0
        D:3 |      13 |       0 |   0.0 |       1 |       0 |   0.0
            +---------+---------+-------+---------+---------+-------
